 Dungeon Crawl Stone Soup version 0.29-a0-1009-g60c99734e7 (webtiles) character file.

Game seed: 901596198676011662

2762 zishaf the Merchant of Misery (level 10, 0/114 HPs)
             Began as a Human Necromancer on Aug 8, 2022.
             Was a Believer of Kikubaaqudgha.
             Slain by an orc
             ... wielding a +0 trident
              (5 damage)
             ... on level 7 of the Dungeon.
             The game lasted 00:15:45 (10246 turns).

zishaf the Merchant of Misery (Human Necromancer)  Turns: 10246, Time: 00:15:46

Health: 0/114      AC:  3    Str: 10    XL:     10   Next: 0%
Magic:  4/15       EV: 12    Int: 22    God:    Kikubaaqudgha [**....]
Gold:   474        SH:  0    Dex: 13    Spells: 6/16 levels left

rFire   . . .      SeeInvis .   A - +4 dagger (venom)
rCold   . . .      Faith    .   (no shield)
rNeg    + . .      Spirit   .   a - +0 robe
rPois   +          Reflect  .   (no helmet)
rElec   .          Harm     .   d - +0 cloak
rCorr   .          Rampage  .   (no gloves)
Will    .....                   (no boots)
Stlth   ..........              (no amulet)
HPRegen 0.29/turn               o - +6 ring of intelligence
MPRegen 0.14/turn               r - ring "Tawikilok" {+Blink rPois rN+ Int-3}

@: berserking, very quick
A: no striking features
a: Renounce Religion, Evoke Blink, Unearth Wretches


You were on level 7 of the Dungeon.
You worshipped Kikubaaqudgha.
Kikubaaqudgha was pleased with you.
You visited 1 branch of the dungeon, and saw 7 of its levels.

You collected 474 gold pieces.

Inventory:

Hand Weapons
 A - a +4 dagger of venom (weapon)
Armour
 a - a +0 robe (worn)
 d - a +0 cloak (worn)
 u - a scarf of resistance
 z - +0 fire dragon scales
Jewellery
 m - an amulet of guardian spirit
 o - a +6 ring of intelligence (left hand)
 r - the ring "Tawikilok" (right hand) {+Blink rPois rN+ Int-3}
   (You found it on level 3 of the Dungeon)

   [ring of positive energy]

   Int:       It affects your intelligence (-3).
   rPois:     It protects you from poison.
   rN:        It protects you from negative energy.
   +Blink:    It lets you blink.
 v - a +6 ring of intelligence
Wands
 n - a wand of paralysis (7)
Scrolls
 g - 3 scrolls of fog
 j - a scroll of fear
 k - 4 scrolls of teleportation
 x - a scroll of amnesia
 y - 2 scrolls of blinking
Potions
 b - 2 potions of magic
 c - a potion of might
 f - 4 potions of haste
 h - 2 potions of curing
 i - 5 potions of attraction
 p - 2 potions of lignification
 q - a potion of cancellation
 s - 2 potions of heal wounds
 w - 2 potions of mutation


   Skills:
 + Level 6.2 Fighting
 - Level 4.0 Short Blades
 - Level 2.0 Dodging
 - Level 2.0 Stealth
 + Level 3.5 Spellcasting
 * Level 9.9 Necromancy
 - Level 4.0 Evocations


You had 6 spell levels left.
You knew the following spells:

 Your Spells              Type           Power      Damage    Failure   Level
a - Necrotise             Necr           100%       1d9       1%          1
b - Vampiric Draining     Necr           47%        2d9       1%          3
A - Animate Dead          Necr           47%        N/A       1%          4
D - Sublimation of Blood  Necr           47%        N/A       1%          2

Your spell library contained the following spells:

 Spells                   Type           Power      Damage    Failure   Level
 Agony                    Necr           47%        N/A       5%          5
 Anguish                  Hex/Necr       12%        N/A       16%         4


Dungeon Overview and Level Annotations

Branches:
Dungeon (7/15)             Temple (0/1) D:6

Altars:
Gozag
Kikubaaqudgha
Zin

Shops:
D:1 (


Message History

The water moccasin is severely wounded.
The howler monkey hoots and howls with incredible vigour!
The water moccasin misses you.
The orc hits you from afar with a +0 trident.
* * * LOW HITPOINT WARNING * * *
The orc closely misses you.
You hear a shout!
You hear an angry hiss.
You hear a shout!
You barely miss the water moccasin.
The water moccasin is severely wounded.
Unknown command.
You miss the water moccasin.
The water moccasin is severely wounded.
The water moccasin barely misses you. The howler monkey hits you.
* * * LOW HITPOINT WARNING * * *
The orc hits you from afar with a +0 trident.
* * * LOW HITPOINT WARNING * * *
The orc hits you with a +0 mace.
* * * LOW HITPOINT WARNING * * *
You barely miss the water moccasin.
The water moccasin is severely wounded.
The water moccasin completely misses you.
The howler monkey misses you.
Unknown command.
You closely miss the water moccasin. You punch the water moccasin.
The water moccasin is almost dead.
The orc hits you from afar with a +0 trident.
* * * LOW HITPOINT WARNING * * *
The orc hits you but does no damage.
Unknown command.
You puncture the water moccasin!
You kill the water moccasin!
Kikubaaqudgha accepts your kill. The howler monkey hits you.
* * * LOW HITPOINT WARNING * * *
You have reached level 10!
You barely miss the orc. The orc hits you with a +0 mace.
* * * LOW HITPOINT WARNING * * *
The orc hits you from afar with a +0 trident.
You die...
Kikubaaqudgha rasps: "You have failed me!
Welcome... death!"

###........ :....
#.......... ....
#.##....... #.#. ##......
<.. ##...... #.F
###....... .. #oh##
#......... ..#. #ho#
#.#....... ....####@#
.............
#......#)####............
#.#...#...............
#.....^..##...........
..####...........########.
................# #.
........#..#..## #(
.#>##.#$......# #.
.S..........[.###########.


You could see a bullfrog, 2 howler monkeys and 2 orcs.

Vanquished Creatures
  Pikel (D:3)
  Sigmund (D:5)
  2 steam dragons
  2 water moccasins
  3 ice beasts
  2 orc warriors
  2 lemures (D:4)
  4 scorpions
  5 killer bees (D:6)
  2 orc priests
  4 hounds
  A gnoll bouda (D:6)
  Jessica (D:2)
  6 iguanas
  Terence (D:2)
  4 orc wizards
  11 adders
  4 gnolls
  A white imp (D:6)
  5 ufetubi
  3 worms
  A dart slug (D:1)
  24 orcs
  6 ball pythons
  5 endoplasms
  4 giant cockroaches (D:1)
  9 hobgoblins
  8 jackals
  3 quokkas
  5 bats
  3 frilled lizards
  10 goblins
  8 kobolds
  4 rats
155 creatures vanquished.

Vanquished Creatures (collateral kills)
  2 ball pythons
  A rat (D:2)
3 creatures vanquished.

Vanquished Creatures (others)
  6 plants (D:1)
6 creatures vanquished.

Grand Total: 164 creatures vanquished

Notes
Turn   | Place    | Note
-------+----------+-------------------------------------------
     0 | D:1      | zishaf the Human Necromancer began the quest for the Orb.
     0 | D:1      | Reached XP level 1. HP: 13/13 MP: 3/3
    29 | D:1      | Found Xuotrao's Weapon Emporium.
   101 | D:1      | Reached XP level 2. HP: 4/20 MP: 1/5
   468 | D:1      | Found a faded altar of an unknown god.
   567 | D:1      | Reached skill level 1 in Fighting
   659 | D:1      | Reached XP level 3. HP: 26/26 MP: 0/6
   720 | D:1      | Learned a level 3 spell: Vampiric Draining
  1243 | D:2      | Noticed Terence
  1448 | D:2      | Reached XP level 4. HP: 32/32 MP: 1/7
  1532 | D:2      | Noticed Jessica
  1564 | D:2      | Killed Jessica
  1565 | D:2      | Reached skill level 5 in Necromancy
  1830 | D:2      | Reached XP level 5. HP: 38/38 MP: 6/8
  2875 | D:2      | Killed Terence
  3334 | D:3      | Noticed an ice beast
  3357 | D:3      | Killed an ice beast
  3358 | D:3      | Reached skill level 1 in Short Blades
  3358 | D:3      | Reached XP level 6. HP: 36/46 MP: 5/10
  3601 | D:3      | Identified the ring "Tawikilok" {+Blink rPois rN+ Int-3}
  3821 | D:3      | Reached skill level 6 in Necromancy
  4417 | D:4      | Found an ancient bone altar of Kikubaaqudgha.
  4428 | D:4      | Became a worshipper of Kikubaaqudgha
  4834 | D:4      | Found an opulent altar of Gozag.
  4933 | D:4      | Found a glowing silver altar of Zin.
  4971 | D:4      | Noticed Pikel
  5157 | D:4      | Reached XP level 7. HP: 45/52 MP: 8/11
  5301 | D:3      | Killed Pikel
  5302 | D:3      | Reached skill level 7 in Necromancy
  5302 | D:3      | Reached XP level 8. HP: 10/60 MP: 0/12
  5933 | D:5      | Entered Level 5 of the Dungeon
  6025 | D:5      | Noticed Sigmund
  6135 | D:5      | Reached * piety under Kikubaaqudgha
  6135 | D:5      | Received a gift from Kikubaaqudgha
  6475 | D:5      | Reached skill level 1 in Evocations
  7302 | D:5      | Reached skill level 8 in Necromancy
  7312 | D:5      | Killed Sigmund
  7313 | D:5      | Reached XP level 9. HP: 65/67 MP: 11/13
  7458 | D:5      | Reached skill level 5 in Fighting
  7618 | D:5      | Learned a level 2 spell: Sublimation of Blood
  7623 | D:5      | Learned a level 4 spell: Animate Dead
  8676 | D:6      | Found a staircase to the Ecumenical Temple.
  8876 | D:6      | Reached skill level 9 in Necromancy
  9307 | D:6      | Reached ** piety under Kikubaaqudgha
 10246 | D:7      | Reached XP level 10. HP: 7/76 MP: 3/15
 10246 | D:7      | HP: 5/114 [orc/+0 mace (2)]
 10246 | D:7      | Slain by an orc

Illustrated notes

Levels and vault maps discovered:
D:1:      dreamdust_arrival_beginning_and_end, layout_basic, serial_shops,
          nicolae_shop_stone, serial_forest, infiniplex_forest_lined_2,
          infiniplex_forest_straight_5, infiniplex_forest_zigzag_2,
          infiniplex_forest_lined_room_2, infiniplex_forest_clump_medium,
          infiniplex_forest_lined_4_way, infiniplex_forest_clump_large,
          infiniplex_forest_straight_1, infiniplex_forest_clump_double,
          infiniplex_forest_straight_1, nicolae_ecumenical_lake_church
D:2:      layout_basic, uniq_terence, uniq_jessica
D:3:      layout_basic, grunt_decor_clamped, kennysheep_cross_bottleneck,
          skrybe_limestone_x, minivault_4
D:4:      layout_basic, pdpol_temple_overflow_zin_treasury_gozag_greed,
          kiku_gazebo_garden_becter, kennysheep_minor_cross,
          hangedman_abyss_or_decor_passed, uniq_pikel
D:5:      layout_loops_ring, minmay_misc_feat_tower, uniq_sigmund
D:6:      layout_rooms, minmay_temple_entry_from_below_a, minivault_22,
          grunt_potential
D:7:      layout_rooms, enter_ossuary_5

Skill      XL: |  1  2  3  4  5  6  7  8  9 |
---------------+----------------------------+-----
Fighting       | 1 2 3 4 6 |  6.2
Necromancy     | 5 6 7 8 9 |  9.9
Short Blades   | 1 3 4 |  4.0
Spellcasting   | 3 |  3.5
Evocations     | 2 4 |  4.0
Dodging        | |  2.0
Stealth        | |  2.0

Action                   |  1- 3 |  4- 6 |  7- 9 | 10-12 || total
-------------------------+-------+-------+-------+-------++-------
Melee: Unarmed           |    17 |       |       |       ||    17
       Dagger            |    17 |    82 |   245 |     1 ||   345
       Punch             |       |     2 |     5 |       ||     7
 Cast: Necrotise         |    52 |    63 |    30 |       ||   145
       Vampiric Draining |       |       |    43 |       ||    43
Evoke: Wand              |       |     1 |     2 |       ||     3
  Use: Scroll            |       |    10 |     7 |       ||    17
       Potion            |       |       |     1 |       ||     1
 Stab: Sleeping          |       |     1 |     1 |       ||     2
       Paralysed         |       |       |     2 |       ||     2
Armor: Robe              |    14 |    19 |    41 |       ||    74
Dodge: Dodged            |    22 |    65 |   193 |       ||   280

Table legend: (Time is in decaauts)
 A = Elapsed time spent in this place.
 B = Non-inter-level travel time spent in this place.
 C = Inter-level travel time spent in this place.
 D = Time resting spent in this place.
 E = Time spent auto-exploring this place.
 F = Levels seen in this place.
 G = Mean time per level.
                   A        B        C        D        E       F      G
               +--------+--------+--------+--------+--------+-----+--------+
         Total |  10211 |   9829 |    382 |   2479 |   5572 |   7 | 1458.7 |
       Dungeon |  10211 |   9829 |    382 |   2479 |   5572 |   7 | 1458.7 |
               +--------+--------+--------+--------+--------+-----+--------+

Top non-repeatable levels by time:
     D:5: 2419 daAuts
     D:2: 1756 daAuts
     D:3: 1582 daAuts
     D:4: 1573 daAuts
     D:6: 1458 daAuts
     D:1: 1326 daAuts
     D:7: 94 daAuts
